 Dungeon Crawl Stone Soup version 0.31.0-1-g2c135a0 (webtiles) character file.

Game seed: 16343303632053443925

246 samcosmo the Changeling (level 5, -4/40 HPs)
             Began as a Demonspawn Shapeshifter on Mar 14, 2024.
             Slain by a phantom (6 damage)
             ... on level 4 of the Dungeon.
             The game lasted 00:08:45 (3032 turns).

samcosmo the Changeling (Demonspawn Shapeshifter)   Turns: 3032, Time: 00:08:45

Health: -4/40      AC:  3    Str: 16    XL:     5   Next: 84%
Magic:  5/5        EV: 12    Int: 11    God:
Gold:   150        SH:  0    Dex: 12    Spells: 4/4 levels left

rFire   . .          .
                       - Unarmed
rCold   . . .        (no shield)
rNeg    . . .        r - +0 leather armour
rPois   .            (helmet currently unavailable)
rElec   .            (cloak currently unavailable)
rCorr   .            (gloves currently unavailable)
SInv    .            g - melded +0 pair of boots
Will    .....        (no amulet)
Stlth   +            e - ring of flight
HPRegen 0.26/turn    (no ring)
MPRegen 0.09/turn

%: no passive effects
@: beast-form, flying
A: beast (slay +2), sturdy frame 2, demonic touch 2
a: Begin Untransformation


You were on level 4 of the Dungeon.
You were a hulking beast.
You visited 1 branch of the dungeon, and saw 4 of its levels.

You collected 150 gold pieces.

Inventory:

Armour
 a - a +1 animal skin
 g - a +0 pair of boots (melded)
 q - a +0 pair of gloves
 r - a +0 leather armour (worn)
Jewellery
 e - a ring of flight (left hand)
Talismans
 c - a beast talisman (active)
 d - a flux talisman
Wands
 o - a wand of paralysis (7)
Scrolls
 n - a scroll of enchant armour
Potions
 b - 3 potions of lignification
 f - a potion of enlightenment {unknown}
 j - a potion of brilliance
 k - a potion of degeneration {unknown}
 l - a potion of attraction {unknown}
 m - a potion of invisibility {unknown}


   Skills:
 + Level 2.9 Fighting
 - Level 1.7 Dodging
 + Level 3.7 Unarmed Combat
 * Level 4.4 Shapeshifting


You had 4 spell levels left.
You didn't know any spells.
Your spell library contained the following spells:

 Spells                   Type           Power      Damage    Failure   Level
 Olgreb's Toxic Radiance  Alch           0%         N/A       98%         4
 Ozocubu's Refrigeration  Ice            0%         4d7       100%        7
 Discord                  Hex            0%         N/A       100%        8


Dungeon Overview and Level Annotations

Branches:
Dungeon (4/15)
 Temple: D:4-7

Altars:


Innate Abilities, Weirdness & Mutations

You are a hulking beast.
Your limbs bulge with bestial killing power. (Slay +2)
Your movements are less encumbered by armour. (ER -4)
Your touch may inflict irresistible damage on your foes.


Message History

The phantom is lightly damaged.
The phantom misses you.
You hit the phantom.
You touch the phantom.
The phantom is moderately damaged.
The phantom hits you.
You closely miss the phantom.
The phantom is moderately damaged.
The phantom hits you.
The phantom blinks!
You blink.
You hit the phantom.
The phantom is moderately damaged.
The phantom hits you.
The phantom blinks!
You blink.
You hit the phantom.
The phantom is heavily damaged.
The phantom hits you.
You hit the phantom but do no damage.
The phantom is heavily damaged.
The phantom misses you.
You miss the phantom.
The phantom is heavily damaged.
The phantom hits you!
You are too injured to fight recklessly!
You are too injured to fight recklessly!
You are too injured to fight recklessly!
You barely miss the phantom.
The phantom is heavily damaged.
The phantom hits you.
* * * LOW HITPOINT WARNING * * *
You hit the phantom. Your touch misses the phantom.
The phantom is heavily damaged.
The phantom hits you.
* * * LOW HITPOINT WARNING * * *
You hit the phantom.
You touch the phantom!
The phantom is almost destroyed.
The phantom hits you.
* * * LOW HITPOINT WARNING * * *
The phantom blinks!
You blink.
You miss the phantom.
The phantom is almost destroyed.
The phantom hits you.
You die...

#######.########
#.# #.# #.# #.#
#ยง# #####'#####
#.........#
#.....Wh..#
#.?.......#
#.........#
#.........#
#.........#
#......?$.#
#.........#
#$........#
...........


You could see a phantom.

Vanquished Creatures
  A scorpion (D:4)
  A bombardier beetle (D:3)
  A hound (D:3)
  6 adders
  5 dart slugs
  2 ribbon worms (D:3)
  An orc (D:3)
  9 ball pythons
  4 endoplasms
  A giant cockroach (D:2)
  3 goblins
  6 hobgoblins
  2 quokkas
  8 bats
  3 frilled lizards
  7 kobolds
  8 rats
68 creatures vanquished.

Notes
Turn   | Place    | Note
-------+----------+-------------------------------------------
     0 | D:1      | samcosmo the Demonspawn Shapeshifter began the quest for
                  | the Orb.
     0 | D:1      | Reached XP level 1. HP: 15/15 MP: 1/1
   112 | D:1      | Gained mutation: Your touch may inflict minor irresistible
                  | damage on your foes. [demonic ancestry]
   112 | D:1      | Reached XP level 2. HP: 16/21 MP: 2/2
   118 | D:1      | Reached skill level 3 in Shapeshifting
   332 | D:1      | Gained mutation: Your touch may inflict irresistible damage
                  | on your foes. [demonic ancestry]
   332 | D:1      | Reached XP level 3. HP: 14/26 MP: 3/3
  1129 | D:2      | Gained mutation: Your movements are slightly less
                  | encumbered by armour. (ER -2) [demonic ancestry]
  1129 | D:2      | Reached XP level 4. HP: 12/33 MP: 4/4
  1508 | D:2      | Found a faded altar of an unknown god.
  2039 | D:3      | Reached skill level 4 in Shapeshifting
  2039 | D:3      | Gained mutation: Your movements are less encumbered by
                  | armour. (ER -4) [demonic ancestry]
  2039 | D:3      | Reached XP level 5. HP: 24/39 MP: 5/5
  3011 | D:4      | Noticed a phantom
  3031 | D:4      | HP: 2/40 [phantom (4)]
  3032 | D:4      | Slain by a phantom

Illustrated notes

Levels and vault maps discovered:
D:1:      evilmike_arrival_crescent, layout_basic, minmay_bisected
D:2:      cheibrodos_old_hovel, layout_basic,
          hellmonk_ecumenical_altar_inner_sanctum
D:3:      layout_loops_cross, nrook_campfire, minmay_misc_feat_four_crosses
D:4:      layout_basic, minmay_temple_entry_poolview

Skill      XL: |  1  2  3  4 |
---------------+-------------+-----
Shapeshifting  | 3 4 |  4.4
Unarmed Combat | 3 |  3.7
Fighting       | 2 |  2.9
Dodging        | |  1.7

Action                     |  1- 3 |  4- 6 || total
---------------------------+-------+-------++-------
  Melee: Unarmed           |    97 |    93 ||   190
         Punch             |     2 |     1 ||     3
         Touch             |    12 |    17 ||    29
Ability: Begin Untransform |       |     1 ||     1
    Use: Scroll            |       |     8 ||     8
   Stab: Sleeping          |     1 |     1 ||     2
 Armour: Animal skin       |    47 |    37 ||    84
         Leather armour    |       |    13 ||    13
  Dodge: Dodged            |    54 |    38 ||    92
   Form: Beast             |       |     1 ||     1
